 Dungeon Crawl Stone Soup version 0.16-a0-2038-g968ce0a (webtiles) character file.

1441 thegroundistoosoft the Martial Artist (level 8, -4/60 HPs)
             Began as a Mummy Monk on Nov 10, 2014.
             Slain by a wyvern zombie (15 damage)
             ... on level 6 of the Dungeon.
             The game lasted 00:59:17 (16146 turns).

thegroundistoosoft the Martial Artist (Mummy Monk) Turns: 16146, Time: 00:59:17

Health: -4/60      AC:  0    Str: 14    XL:     8   Next: 46%
Magic:  8/8        EV: 15    Int:  9    God:
Gold:   315        SH:  0    Dex: 16    Spells: 0 memorised, 7 levels left

rFire  x . .     SeeInvis .       - Unarmed
rCold  + . .     Clarity  .     (no armour)
rNeg   + + +     SustAb   .     (no shield)
rPois  +         Gourm    .     (no helmet)
rElec  .         Spirit   .     (no cloak)
rCorr  .         Warding  .     (no gloves)
rMut   .         Stasis   .     (no boots)
MR     +....                    (no amulet)
Stlth  ++........               (no ring)
                                (no ring)

@: about to teleport, somewhat resistant to hostile enchantments, unstealthy
A: no food or potions, fire vulnerability, restore body, cold resistance 1,
negative energy resistance 3, poison resistance, torment resistance, unbreathing
a: no special abilities


You were on level 6 of the Dungeon.
You were not hungry.

You visited 1 branch of the dungeon, and saw 7 of its levels.

You collected 315 gold pieces.


Innate Abilities, Weirdness & Mutations

You do not eat or drink.
Your flesh is vulnerable to fire.
Your flesh is cold resistant.
You are immune to negative energy.
Your system is resistant to poisons.
You are immune to unholy pain and torment.
You can survive without breathing.


   Skills:
 - Level 4.1 Fighting
 - Level 4.6 Dodging
 - Level 1.5 Stealth
 + Level 8.2 Unarmed Combat


You had 7 spell levels left.
You didn't know any spells.

Inventory:

Scrolls
 b - 2 scrolls of recharging
 c - a scroll of teleportation
 d - 2 scrolls of magic mapping
 e - 3 scrolls of enchant armour
 f - a scroll of noise {!r}
 g - a scroll of identify
 h - a scroll of fog
 i - 3 scrolls of immolation {!r}
Comestibles
 j - 2 slices of pizza (quivered)

Dungeon Overview and Level Annotations

Branches:
Dungeon (7/15)
 Temple: D:4-7

Altars:
Dithmenos
Sif Muna

Annotations:
D:3 exclusion: downstairs, Natasha
D:4 exclusion: downstairs
D:5 THAT FUCKING SIGMUND, 1 exclusion, Pikel, Sigmund
D:6 Blork the orc
D:7 Menkaure

#.........>..........##.#
####..<...#############.#
#..###.# #.#
##.###.#############.##
#....................#
#...###############..# #...#
#..........# #...#
#.#######..# #...# #@# #.##
#.[.# #Z# ##.########
#.(.#######l# ##..........
#...........#####...########
##).####............# #
#..#......<...##...# #
#.....#.#..#..####.# #
#.##..#.#..#..# #.# #
#.##..#.#..#..####.# #


You could see an iguana and a wyvern zombie.


Message History

Really walk into a travel-excluded area?
The floor.
Reduced exclusion size to a single square.
Removed exclusion.
b - 2 scrolls of recharging (gained 1) Unknown command.
An iguana comes into view.
There is a stone staircase leading up here.
You punch the wyvern zombie! The wyvern zombie bites you!
You hit the wyvern zombie. The wyvern zombie misses you.
You hit the wyvern zombie but do no damage.
The wyvern zombie closely misses you.
You hit the wyvern zombie.
The wyvern zombie completely misses you.
The wyvern zombie misses you.
You hit the wyvern zombie. The wyvern zombie misses you.
You hit the wyvern zombie. The wyvern zombie misses you.
You hit the wyvern zombie. The wyvern zombie bites you!
You punch the wyvern zombie! The wyvern zombie bites you!
You barely miss the wyvern zombie. The wyvern zombie bites you!
* * * LOW HITPOINT WARNING * * *
Read which item? (? for menu, Esc to quit)
Okay, then.
Read which item? (? for menu, Esc to quit)
Okay, then.
Read which item? (? for menu, Esc to quit)
As you read the scroll of teleportation, it crumbles to dust.
You feel strangely unstable. The wyvern zombie barely misses you.
The wyvern zombie bites you!
You die...

Action                   |  1- 3 |  4- 6 |  7- 9 || total
-------------------------+-------+-------+-------++-------
Melee: Unarmed           |   192 |   368 |   348 ||   908
  Use: Scroll            |     6 |     6 |     5 ||    17
 Stab: Sleeping          |     3 |     1 |     2 ||     6
       Distracted        |     1 |       |     2 ||     3

Vault maps used:
D:1:      mrwooster_arrival_statue, roderic_serpentine_path
D:2:      minmay_kobold_bridge, led_sif_pool, first_bread,
          grunt_dithmenos_smoke_and_mirrors
D:3:      minmay_goblin_kobold_house, uniq_natasha
D:5:      uniq_pikel, uniq_edmund, uniq_sigmund
D:6:      basic_altar, uniq_blork_the_orc
D:7:      minmay_temple_entry_large_hall, the_bakery, hex_medium, uniq_menkaure,
          uniq_crazy_yiuf_cottage

Notes
Turn   | Place    | Note
--------------------------------------------------------------
     0 | D:1      | thegroundistoosoft, the Mummy Monk, began the quest for the Orb.
     0 | D:1      | Reached XP level 1. HP: 18/18 MP: 1/1
    14 | D:1      | COMETH HITHER ADDER, FOR THEE FACETH THE GREAT WRATH OF MINESELF
   123 | D:1      | did I really forget shields
   123 | D:1      | fuck
   123 | D:1      | "look at me one of my fists is holding the shield of resistance hurr"
   123 | D:1      | fuck that noise
   336 | D:1      | Reached XP level 2. HP: 24/24 MP: 2/2
   898 | D:1      | Reached skill level 4 in Unarmed Combat
  1232 | D:2      | Reached XP level 3. HP: 25/29 MP: 3/3
  1279 | D:2      | i am so sorry
  1279 | D:2      | i didn't know
  1563 | D:2      | Found a deep blue altar of Sif Muna.
  1564 | D:2      | at least I'm no staff wielder!
  1564 | D:2      | \o/
  1762 | D:2      | Found a shadowy altar of Dithmenos.
  2066 | D:2      | oho
  2618 | D:3      | no bad autpickup
  2837 | D:3      | Reached XP level 4. HP: 32/35 MP: 4/4
  2960 | D:3      | Noticed Natasha
  4346 | D:3      | Reached skill level 5 in Unarmed Combat
  5768 | D:2      | Reached XP level 5. HP: 24/41 MP: 5/5
  5903 | D:2      | COME HITHER, ADDER, AND FACE THE WRATH OF MINESELF
  6522 | D:4      | fffuck off
  7357 | D:4      | Noticed an ogre
  7394 | D:3      | Noticed an ogre
  7410 | D:3      | Killed Natasha
  7411 | D:3      | FFFFUCK GFUNK
  7750 | D:3      | Noticed Natasha
  7764 | D:3      | Killed Natasha
  7764 | D:3      | Reached skill level 6 in Unarmed Combat
  7956 | D:1      | VALET SERVICE THE SCUMMY MUMMY
  8233 | D:3      | moscheto: 3soft
  8262 | D:4      | thegroundistoosoft: non tes nin idea da de merda que teño que aparcar
  8311 | D:4      | Reached XP level 6. HP: 28/47 MP: 6/6
  8312 | D:4      | HA HA HA FUCK ANTS
  8702 | D:5      | Entered Level 5 of the Dungeon
  8800 | D:5      | Noticed Sigmund
  8817 | D:4      | no
  8817 | D:4      | no i do not
  8875 | D:5      | Noticed Edmund
  8876 | D:5      | :<
  9162 | D:4      | Killed Edmund
  9162 | D:4      | Reached skill level 3 in Dodging
  9164 | D:4      | ant pls go
  9256 | D:3      | Noticed Natasha
  9678 | D:4      | moscheto: tfw comfy blanket burrito
  9735 | D:5      | thegroundistoosoft: (Normal EV)
  9967 | D:3      | moscheto: ñols op
  9967 | D:3      | thegroundistoosoft: ffffuck ilput lag
  9967 | D:3      | thegroundistoosoft: *n
 10531 | D:1      | hello D: 1
 10575 | D:1      | Reached skill level 4 in Dodging
 11057 | D:2      | thegroundistoosoft: resulta que hai unha diferencia
 11057 | D:2      | thegroundistoosoft: entre facer esto con AC
 11057 | D:2      | thegroundistoosoft: e sen ela
 11057 | D:2      | thegroundistoosoft: D:
 11085 | D:3      | moscheto: si non?
 11239 | D:3      | Reached XP level 7. HP: 52/52 MP: 7/7
 11685 | D:5      | thegroundistoosoft: >open equipped items list
 11685 | D:5      | thegroundistoosoft: >pizza
 11685 | D:5      | thegroundistoosoft: MUMMY MONK
 11691 | D:5      | thegroundistoosoft: joder
 11691 | D:5      | thegroundistoosoft: pikel
 11696 | D:5      | moscheto: PICCOLO
 11951 | D:5      | Reached skill level 4 in Fighting
 12387 | D:5      | man fuck off
 12889 | D:3      | thegroundistoosoft: tfw
 13216 | D:5      | Noticed Pikel
 13302 | D:5      | moscheto: DUNGEON CRAWL TACTICS: SLAVE SOUP
 13303 | D:5      | thanks xom
 13889 | D:5      | You feel much better.
 14671 | D:6      | thegroundistoosoft: vou chorar
 14671 | D:6      | thegroundistoosoft: :<
 14729 | D:6      | Reached skill level 7 in Unarmed Combat
 14729 | D:6      | Reached XP level 8. HP: 52/60 MP: 8/8
 14858 | D:6      | OGRE STATUS:
 14858 | D:6      | FISTED
 14930 | D:6      | Found a shadowy altar of Dithmenos.
 15331 | D:6      | Noticed Blork the orc
 15567 | D:6      | thegroundistoosoft: ha, un chaval que xogaba con nos o ano pasado nos torneos volveu xogar despois de un ano sen tocar o xogo
 15567 | D:6      | thegroundistoosoft: polo poster
 15567 | D:6      | thegroundistoosoft: :D
 15637 | D:6      | Artagel: this seems too soft
 15637 | D:6      | thegroundistoosoft: son
 15637 | D:6      | thegroundistoosoft: that doesn't really tell the tale
 15637 | D:6      | SURE DOES
 15637 | D:6      | thegroundistoosoft: goddamn webtiles fucking up my nots
 15639 | D:6      | Artagel: where is our aux armor
 15639 | D:6      | thegroundistoosoft: do you see this screen?
 15639 | D:6      | Artagel: :D
 15639 | D:6      | thegroundistoosoft: this is the equipped item screen
 15639 | D:6      | Artagel: very nice
 15639 | D:6      | Skillih: WHY I AM WATCHING TUTORIAL?
 15639 | D:6      | Mulzaro: lol
 15639 | D:6      | Artagel: the ground might even be considered an adequate level of hardness
 15739 | D:6      | Mulzaro: Thanks for reminding me how awful mummies are btw
 15843 | D:6      | Mulzaro: fire vuln, didnt remember that
 15858 | D:6      | Reached skill level 8 in Unarmed Combat
 15876 | D:6      | thegroundistoosoft: PLEASED TO HELP
 15927 | D:7      | Mulzaro: THANKS
 15927 | D:7      | Skillih: PLEASE BE A MAN AND RUSH
 15927 | D:7      | Artagel: pls go mr skillih
 15927 | D:7      | Artagel: one does not simply rush a MuMo
 15927 | D:7      | Skillih: sry
 15927 | D:7      | Skillih: I ONLY PLAY MIBE CAUSE I'M RETARD IN THIS GAME
 15927 | D:7      | Artagel: Every fight against anything relevant requires tactical gameplay
 15927 | D:7      | thegroundistoosoft: thx for keeping the pharaoh's peace while I babysit implo artagel
 15927 | D:7      | Artagel: blessed be his name
 15927 | D:7      | Artagel: But on a more serious note, tabstorming your way through the game is basically impossible with a weak combination such as this one
 15927 | D:7      | Artagel: Together with the glorious conduct it is suicide to even consider it :D
 15927 | D:7      | Skillih: thats why i play MiBe
 15927 | D:7      | thegroundistoosoft: all you have to do is get
 15927 | D:7      | thegroundistoosoft: things
 15927 | D:7      | thegroundistoosoft: preferably good things
 15927 | D:7      | thegroundistoosoft: oh god he's diving elf for exp
 15927 | D:7      | thegroundistoosoft: with a GrBe goast at the entrance
 15927 | D:7      | Artagel: >maybe elf is the least bad option
 15927 | D:7      | Artagel: I guess he is the first person to ever say that
 15927 | D:7      | Artagel: :D
 15927 | D:7      | thegroundistoosoft: well tbh
 15927 | D:7      | thegroundistoosoft: he is in a really fucked situation
 15927 | D:7      | Skillih: are you going to continue this soon? :P
 15927 | D:7      | thegroundistoosoft: I'm watching a guy run around a pillar with a ghost on his back!
 15930 | D:7      | Noticed Menkaure
 15931 | D:7      | Artagel: mummybro
 15931 | D:7      | Mulzaro: look, brother!
 15931 | D:7      | Artagel: time for highlander
 15931 | D:7      | Artagel: there can only be one pharoah
 15931 | D:7      | THOU HAST COMMITED A GRAVE MISTAKE PROVOKING THE IRE OF MINESELF
 15939 | D:7      | Artagel: :O
 15939 | D:7      | thegroundistoosoft: wow fuck off m8
 15939 | D:7      | Mulzaro: hahaha
 16118 | D:6      | Mulzaro: how the fuck do you have 0 AC
 16119 | D:6      | moscheto: AC is for pussies
 16124 | D:6      | Artagel: because the ground is too soft mulzaro
 16127 | D:6      | moscheto: not manly enough
 16145 | D:6      | Artagel: halp
 16146 | D:6      | Slain by a wyvern zombie

Vanquished Creatures
  Edmund (D:4)
  A sky beast (D:5)
  3 slaves
  3 ogres (D:6)
  2 centaurs
  A crimson imp (D:6)
  2 jellies (D:5)
  3 hounds
  2 orc priests
  3 iguanas
  3 orc wizards
  3 worker ants
  Natasha (D:3)
  A hound zombie (D:5)
  5 gnolls
  7 adders
  A gnoll zombie (D:6)
  2 shadow imps (D:5)
  A giant mite (D:4)
  2 worms (D:2)
  14 orcs
  18 bats
  14 goblins
  13 hobgoblins
  3 jackals (D:2)
  22 kobolds
  5 quokkas
  2 ball pythons
  9 giant cockroaches
  7 giant geckos
  6 giant newts
  A jackal skeleton (D:5)
  18 rats
179 creatures vanquished.

Vanquished Creatures (others)
  Natasha (D:3)
1 creature vanquished.

Grand Total: 180 creatures vanquished
